 Dungeon Crawl Stone Soup version 0.30-a0-305-g026cb31310 (webtiles) character file.

Game seed: 9576948051289418742

16106 Zonian the Fighter (level 12, -1/105 HPs)
             Began as a Djinni Ice Elementalist on Oct 21, 2022.
             Was a Believer of Ashenzari.
             Slain by a demonic crawler (12 damage)
             ... on level 3 of the Lair of Beasts.
             The game lasted 00:48:22 (17883 turns).

Zonian the Fighter (Djinni Ice Elementalist)       Turns: 17883, Time: 00:48:23

Health: -1/105     AC:  8    Str: 13    XL:     12   Next: 66%
Gold:   542        EV: 14    Int: 23    God:    Ashenzari [**....] SH:  5 Dex: 13

rFire   + + +      SeeInvis +    L - +1 demon whip (venom)
rCold   + . .      Faith    .    q - +0 buckler
rNeg    . . .      Spirit   .    G - +2 robe of the Mantic Gloom {rC+ rF+, Self, Cun} (curse)
rPois   ∞          Reflect  .    g - +1 helmet of the Omniscient Planets {Self, Fort} (curse)
rElec   .          Harm     .    b - +0 cloak
rCorr   .          Rampage  .    B - +0 pair of gloves
Will    +....                    (boots unavailable)
Stlth   ++........               j - amulet of Ashenzari's Ordeal {Regen+, Melee, Fort} (curse)
HPRegen 1.17/turn                D - ring of protection from cold
MPRegen 0.00/turn                k - +6 ring of strength

@: flying, hasted, very quick
A: sickness immunity, fire resistance 2, cold vulnerability 1, float, innate
caster, HP casting, extra vitality 1
a: Renounce Religion, Shatter the Chains


You were on level 3 of the Lair of Beasts.
You worshipped Ashenzari.
Ashenzari was pleased with you.
You visited 3 branches of the dungeon, and saw 12 of its levels.

You collected 662 gold pieces.
You spent 120 gold pieces at shops.

Inventory:

Hand Weapons
 f - a +0 dagger of protection
 h - a +0 short sword
 n - a +0 vorpal falchion
 C - a +3 vampiric dagger
 L - a +1 demon whip of venom (weapon)
Missiles
 d - 2 atropa-tipped darts
 v - 15 boomerangs
 E - 7 throwing nets
 F - 15 poisoned darts
Armour
 b - a +0 cloak (worn)
 g - the cursed +1 helmet of the Omniscient Planets (worn) {Self, Fort}
   (You found it on level 2 of the Dungeon)

   It has a curse which improves the following skills: Introspection: Fighting
   and Spellcasting.
   Fortitude: Armour and Shields.
 q - a +0 buckler (worn)
 w - a +0 robe of cold resistance
 B - a +0 pair of gloves (worn)
 G - the cursed +2 robe of the Mantic Gloom (worn) {rC+ rF+, Self, Cun}
   (You took it off Pikel on level 8 of the Dungeon)

   It has a curse which improves the following skills: Introspection: Fighting
   and Spellcasting.
   Cunning:   Dodging and Stealth.
Jewellery
 j - the cursed amulet of Ashenzari's Ordeal (around neck) {Regen+, Melee, Fort}
   (You found it on level 2 of the Dungeon)

   [amulet of regeneration]

   Regen:     It increases your rate of health regeneration.
   It has a curse which improves the following skills: Melee Combat: Short
   Blades, Long Blades, Axes, Maces & Flails, Polearms, Staves and Unarmed
   Combat.
   Fortitude: Armour and Shields.
 k - a +6 ring of strength (right hand)
 y - a ring of see invisible
 D - a ring of protection from cold (left hand)
 H - a +6 ring of dexterity
 J - a +6 ring of intelligence
Wands
 a - a wand of digging (5)
 x - a wand of flame (10)
 z - a wand of roots (5)
Scrolls
 c - a scroll of fear
 m - 5 scrolls of magic mapping
 r - 4 scrolls of teleportation
 s - 2 scrolls of fog
 A - a scroll of blinking
 K - a scroll of summoning
Potions
 e - a potion of ambrosia
 i - 6 potions of curing
 l - 2 potions of brilliance
 o - 3 potions of haste
 p - a potion of cancellation
 t - 3 potions of magic
 u - 2 potions of mutation
 I - a potion of berserk rage


   Skills:
 * Level 14.8(16.6) Fighting
 - Level 3.2(4.3) Short Blades
 + Level 0.5(1.1) Maces & Flails
 + Level 5.5(6.7) Dodging
 - Level 2.6(3.7) Stealth
 - Level 2.4(4.0) Shields
 + Level 9.1(11.0) Spellcasting


You had 8 spell levels left.
You knew the following spells:

 Your Spells              Type           Power      Damage    Failure   Level
a - Freeze                Ice            100%       1d10      1%          1
b - Frozen Ramparts       Ice            100%       1d16      1%          3
c - Ozocubu's Armour      Ice            59%        N/A       1%          3
d - Summon Ice Beast      Ice/Summ       59%        N/A       1%          4
e - Sting                 Tmut/Pois      100%       1d8       1%          1
f - Wereblood             Tmut           59%        N/A       1%          2
g - Spider Form           Tmut/Pois      59%        N/A       1%          3
h - Leda's Liquefaction   Hex/Erth       29%        N/A       1%          4
i - Olgreb's Toxic Radia  Pois           59%        N/A       1%          4
Your spell library was empty.

Dungeon Overview and Level Annotations

Branches:
Dungeon (8/15)             Temple (1/1) D:6            Lair (3/5) D:8
 Shoals (0/4) Lair:3        Snake (0/4) Lair:3

Altars:
Ashenzari
Cheibriados
Elyvilon
Fedhas
Gozag
Hepliaklqana
Makhleb
Nemelex Xobeh
Okawaru
Qazlal
Ru
Trog
Uskayaw
Xom
Jiyva

Shops:
D:4 :?

Annotations:
Lair:1 3 runed translucent doors, Icyzef's ghost, journeyman OpEE
Lair:3 1 runed translucent door


Innate Abilities, Weirdness & Mutations

You are immune to sickness and miasma.
You are immune to poison.
Your flesh is very heat resistant. (rF++)
You are vulnerable to cold. (rC-)
You float through the air rather than walking.
You learn spells naturally, not from books.
Your magical power is your life essence.
You have superior vitality. (+4 MHP)


Message History

The water moccasin bites you but does no damage.
Unknown command.
You hit the wyvern.
You kill the wyvern!
The water moccasin closely misses you. The demonic crawler hits you!
The demonic crawler hits you but does no damage.
The demonic crawler barely misses you. You block the swamp worm's attack.
The swamp worm bites the plant.
The plant begins to die.
Unknown command.
As you read the scroll of fear, it crumbles to dust.
You assume a fearsome visage.
The swamp worm looks frightened! x3
The demonic crawler resists with almost no effort.
The water moccasin looks frightened!
The demonic crawler hits you!
* * * LOW HITPOINT WARNING * * *
You block the demonic crawler's attack. The demonic crawler misses you.
The demonic crawler barely misses you. The demonic crawler hits you.
* * * LOW HITPOINT WARNING * * *
You block the demonic crawler's attack.
Casting: Frozen Ramparts (safe; 1% risk of failure)
Confirm with . or Enter, or press ? or * to list all spells.
Okay, then.
Okay, then.
Aiming: Fastroot
Press: ? - help, Shift-Dir - straight line
Okay, then.
Okay, then.
Okay, then.
You feel yourself speed up.
The demonic crawler shrieks in warning!
Your frozen ramparts will break if you move.
Continue?
The frozen ramparts melt away as you move.
The demonic crawler closely misses you. The demonic crawler hits you!
* * * LOW HITPOINT WARNING * * *
The demonic crawler hits you!
* * * LOW HITPOINT WARNING * * *
You feel better. The demonic crawler hits you!
* * * LOW HITPOINT WARNING * * *
The demonic crawler completely misses you.
The demonic crawler hits you!
You die...

..........~~~#~~~#~~~)..
,
......P...~≈##w~~##≈~S..
.....#....~~#~~~($*~~...
,
......#.#.~≈##w~~##≈~...
,
..........~~~#~~~#~~~...
* *
.#######.#.w~##~##~~....
, ## #.....~≈~~P≈~##...
#.....~~~s~~~..#..
#...P##~~~@~......,
#...###~~##.###... #.###
##P#*## # ### ###


You could see a demonic crawler (catching breath), 3 swamp worms and a water
moccasin (fleeing).

Vanquished Creatures
  Harold (Lair:2)
  A hydra (Lair:3)
  Amaemon (Lair:3)
  Pikel (D:8)
  3 elephants (Lair:3)
  2 torpor snails (Lair:2)
  A black mamba (Lair:3)
  A merfolk siren (Lair:3)
  A cane toad (Lair:1)
  6 komodo dragons
  A rime drake (Lair:3)
  A hornet (Lair:3)
  6 blink frogs
  Sigmund (D:3)
  2 wyverns
  13 yaks
  6 humans (D:8)
  2 basilisks (Lair:3)
  7 water moccasins
  2 orc warriors (D:7)
  An ice beast (D:5)
  2 sky beasts (D:7)
  4 black bears
  3 centaurs
  3 lemures (D:8)
  3 phantoms
  7 bullfrogs
  A kobold brigand (D:8)
  7 scorpions
  6 killer bees (D:8)
  2 howler monkeys (D:8)
  A quasit (D:3)
  4 hounds
  A jelly (D:7)
  4 orc priests
  4 orc wizards
  3 iguanas
  11 adders
  6 gnolls
  A shadow imp (D:8)
  2 white imps (D:7)
  3 ufetubi
  A worm (D:2)
  5 dart slugs
  24 orcs
  11 ball pythons
  3 bats (D:1)
  An endoplasm (D:3)
  4 giant cockroaches
  6 goblins
  4 hobgoblins
  2 jackals
  13 kobolds
  2 quokkas
  3 frilled lizards (D:1)
  2 rats
219 creatures vanquished.

Vanquished Creatures (collateral kills)
  An orange demon (Lair:3)
  A rime drake (Lair:2)
  A blink frog (Lair:2)
  The ghost of CertainDeath the Cudgeller, a weakling AtBe of Trog (D:3)
  2 quasits (D:3)
6 creatures vanquished.

Vanquished Creatures (others)
  74 fungi
  82 plants
  8 toadstools (Lair:3)
164 creatures vanquished.

Grand Total: 389 creatures vanquished

Notes
Turn   | Place    | Note
-------+----------+-------------------------------------------
     0 | D:1      | Zonian the Djinni Ice Elementalist began the quest for the
                  | Orb.
     0 | D:1      | Zonian set off with the following spells memorised: Freeze,
                  | Frozen Ramparts, Ozocubu's Armour, Summon Ice Beast.
     0 | D:1      | Reached XP level 1. HP: 15/15 MP: 0/0
   100 | D:1      | You are sucked into a shaft and drop 1 floor!
   187 | D:2      | Reached XP level 2. HP: 8/21 MP: 0/0
   768 | D:1      | Reached XP level 3. HP: 19/25 MP: 0/0
   768 | D:1      | Learned a level 1 spell: Sting
  1559 | D:3      | Found a transporter.
  1563 | D:3      | Noticed CertainDeath's ghost (weakling AtBe)
  1605 | D:3      | Found a transporter.
  1623 | D:3      | Noticed Sigmund
  1650 | D:3      | Reached XP level 4. HP: 31/31 MP: 0/0
  2183 | D:4      | Noticed a scorpion
  2279 | D:4      | Noticed a scorpion
  2326 | D:4      | Killed a scorpion
  2327 | D:4      | Reached skill level 1 in Fighting
  2327 | D:4      | Reached XP level 5. HP: 38/38 MP: 0/0
  2327 | D:4      | Learned a level 2 spell: Wereblood
  2590 | D:4      | Reached skill level 2 in Fighting
  2673 | D:4      | Found Zedipn Zeile's Vocational Training.
  2891 | D:4      | Reached XP level 6. HP: 34/45 MP: 0/0
  2955 | D:4      | Found Tuharr's Magic Scroll Shop.
  2961 | D:4      | Bought a scroll of teleportation for 36 gold pieces
  2961 | D:4      | Bought a scroll of fog for 48 gold pieces
  2961 | D:4      | Bought a scroll of teleportation for 36 gold pieces
  3433 | D:4      | Reached skill level 3 in Fighting
  4299 | D:3      | Killed Sigmund
  4300 | D:3      | Reached skill level 4 in Fighting
  4300 | D:3      | Reached XP level 7. HP: 46/53 MP: 0/0
  4300 | D:3      | Learned a level 3 spell: Spider Form
  4762 | D:5      | Entered Level 5 of the Dungeon
  4772 | D:5      | Reached skill level 5 in Fighting
  5706 | D:5      | Reached XP level 8. HP: 60/60 MP: 0/0
  5779 | D:5      | Reached skill level 5 in Spellcasting
  6022 | D:5      | Reached skill level 6 in Fighting
  6812 | D:6      | Found a staircase to the Ecumenical Temple.
  6860 | Temple   | Entered the Ecumenical Temple
  6881 | Temple   | Became a worshipper of Ashenzari the Shackled
  6925 | D:6      | Reached skill level 7 in Fighting
  7251 | D:6      | Found a burning altar of Makhleb.
  7256 | D:6      | Found a white marble altar of Elyvilon.
  7263 | D:6      | Found a hazy altar of Hepliaklqana.
  7269 | D:6      | Found a shimmering altar of Xom.
  7280 | D:6      | Found a blossoming altar of Fedhas.
  7287 | D:6      | Found a sacrificial altar of Ru.
  7432 | D:7      | Reached XP level 9. HP: 67/70 MP: 0/0
  7432 | D:7      | Learned a level 4 spell: Leda's Liquefaction
  7557 | D:7      | Reached skill level 8 in Fighting
  8213 | D:7      | Reached skill level 9 in Fighting
  8885 | D:8      | Noticed Pikel
  9015 | D:8      | Reached skill level 10 in Fighting
  9027 | D:8      | Reached XP level 10. HP: 8/80 MP: 0/0
  9031 | D:8      | HP: 4/80 [human/+0 mace (7)]
  9618 | D:8      | Reached skill level 11 in Fighting
  9689 | D:8      | Killed Pikel
  9753 | D:8      | Found a staircase to the Lair.
 10682 | Lair:1   | Entered Level 1 of the Lair of Beasts
 10682 | Lair:1   | Noticed a komodo dragon
 10783 | Lair:1   | Found a runed translucent gate.
 10783 | Lair:1   | Found a runed translucent gate.
 10783 | Lair:1   | Found a runed translucent gate.
 10787 | Lair:1   | Noticed Icyzef's ghost (journeyman OpEE)
 10935 | Lair:1   | Reached skill level 12 in Fighting
 10978 | Lair:1   | Noticed a cane toad
 11007 | Lair:1   | Killed a cane toad
 11008 | Lair:1   | Reached XP level 11. HP: 42/89 MP: 0/0
 11008 | Lair:1   | Learned a level 4 spell: Olgreb's Toxic Radiance
 11659 | Lair:1   | Reached * piety under Ashenzari
 11836 | Lair:1   | Found a viscous altar of Jiyva.
 11837 | Lair:1   | Upgraded the game from 0.30-a0-304-gdc4b735fe1 to
                  | 0.30-a0-305-g026cb31310
 12149 | Lair:2   | Noticed a five-headed hydra
 12326 | Lair:2   | Reached skill level 13 in Fighting
 12826 | Lair:2   | Noticed Harold
 12849 | Lair:2   | Killed Harold
 13275 | Lair:2   | Reached ** piety under Ashenzari
 13781 | Lair:3   | Noticed a five-headed hydra
 14264 | Lair:2   | Reached skill level 1 in Short Blades
 14283 | Lair:2   | Identified the cursed +1 helmet of the Omniscient Planets
                  | {Self, Fort} (You found it on level 2 of the Dungeon)
 14283 | Lair:2   | Identified the cursed +2 robe of the Mantic Gloom {rC+ rF+,
                  | Self, Cun} (You took it off Pikel on level 8 of the
                  | Dungeon)
 14816 | D:3      | Killed CertainDeath's ghost
 14817 | D:3      | Reached skill level 1 in Shields
 15454 | Lair:2   | Reached skill level 14 in Fighting
 15816 | Lair:3   | Reached XP level 12. HP: 47/103 MP: 0/0
 16063 | Lair:3   | Killed a five-headed hydra
 16272 | Lair:3   | Noticed Amaemon
 17004 | Lair:3   | Killed Amaemon
 17023 | Lair:3   | Reached skill level 5 in Dodging
 17520 | Lair:3   | Found a staircase to the Snake Pit.
 17632 | Lair:3   | Found a runed translucent door.
 17656 | Lair:3   | Noticed a catoblepas
 17656 | Lair:3   | Identified the ring of Cowardice {rCorr MP+9}
 17814 | Lair:3   | Found a staircase to the Shoals.
 17883 | Lair:3   | Slain by a demonic crawler

Illustrated notes

Levels and vault maps discovered:
D:1:      dpeg_arrival_boxorama, layout_basic
D:2:      layout_rooms
D:3:      minmay_inner_zag, layout_loops_ring, gammafunk_ghost_stat_death,
          minmay_snake_closets, uniq_sigmund
D:4:      layout_loops_ring, serial_forest, infiniplex_forest_end_2,
          infiniplex_forest_clump_medium, infiniplex_forest_end_1,
          infiniplex_forest_lined_ring, infiniplex_forest_end_2,
          infiniplex_forest_lined_4_way, infiniplex_forest_end_1,
          infiniplex_forest_corner_1, serial_shops, shop,
          minmay_misc_feat_hallway, nicolae_shop_vocational
D:5:      layout_basic
D:6:      layout_rooms, grunt_temple_overflow_octagram, temple_green
D:7:      layout_loops_ring
D:8:      layout_loops_ring, due_lair_maze_entry_diamond, minmay_ruffians,
          uniq_pikel
Temple:   eino_wide_crystal_templ
Lair:1:   layout_long_grid, gammafunk_ghost_ooze
Lair:2:   layout_concentric_octagons, grunt_forest_small_clearing_treed,
          lemuel_fruit_fields, grunt_megastairs_3, lemuel_fruit_fields,
          uniq_harold
Lair:3:   gammafunk_lair_enchanted_lake, layout_misc_corridors,
          minmay_shoals_entry_lonely_mermaid, worms_lemuel, uniq_amaemon

Skill      XL: |  1  2  3  4  5  6  7  8  9 10 11 12 |
---------------+-------------------------------------+-----
Stealth        | 2 |  2.6
Dodging        | 3 4 5 |  5.5
Fighting       | 1 2 4 5 7 10 12 14 | 14.8
Spellcasting   | 4 5 6 7 8 9 |  9.1
Short Blades   | 1 3 |  3.2
Shields        | 1 2 |  2.4
Maces & Flails | |  0.5

Action                   |  1- 3 |  4- 6 |  7- 9 | 10-12 || total
-------------------------+-------+-------+-------+-------++-------
Melee: Unarmed           |     4 |       |       |    22 ||    26
       Short sword       |    23 |       |       |       ||    23
       Dagger            |       |   106 |   339 |   556 ||  1001
       Punch             |       |     2 |     8 |     5 ||    15
       Demon whip        |       |       |       |    20 ||    20
Throw: Dart              |       |     2 |       |     8 ||    10
       Boomerang         |       |       |       |     1 ||     1
 Cast: Freeze            |    47 |    69 |    61 |    21 ||   198
       Sting             |       |     1 |     9 |     4 ||    14
       Frozen Ramparts   |       |       |    14 |    30 ||    44
       Ozocubu's Armour  |       |       |     2 |     5 ||     7
       Leda's Liquefacti |       |       |       |     3 ||     3
       Olgreb's Toxic Ra |       |       |       |     8 ||     8
       Summon Ice Beast  |       |       |       |     7 ||     7
       Spider Form       |       |       |       |     2 ||     2
       Wereblood         |       |       |       |     1 ||     1
Invok: Curse Item        |       |       |     1 |     2 ||     3
Evoke: Wand              |       |       |     2 |     5 ||     7
  Use: Scroll            |     5 |     3 |     5 |    11 ||    24
       Potion            |       |     1 |     2 |     2 ||     5
 Stab: Sleeping          |     1 |     7 |     2 |     2 ||    12
Armor: Robe              |    20 |    51 |   138 |   170 ||   379
       Skin              |       |       |       |     2 ||     2
Dodge: Dodged            |    37 |   103 |   273 |   416 ||   829
Block: Buckler           |       |       |       |    67 ||    67

Table legend: (Time is in decaauts)
 A = Elapsed time spent in this place.
 B = Non-inter-level travel time spent in this place.
 C = Inter-level travel time spent in this place.
 D = Time resting spent in this place.
 E = Time spent auto-exploring this place.
 F = Levels seen in this place.
 G = Mean time per level.
                   A        B        C        D        E       F      G
               +--------+--------+--------+--------+--------+-----+--------+
         Total |  17913 |  16873 |   1040 |   7735 |   4990 |  12 | 1492.8 |
       Dungeon |  11452 |  10633 |    819 |   4250 |   4035 |   8 | 1431.5 |
        Temple |     36 |     21 |     15 |      0 |     13 |   1 |   36.0 |
          Lair |   6424 |   6219 |    205 |   3485 |    942 |   3 | 2141.3 |
               +--------+--------+--------+--------+--------+-----+--------+

Top non-repeatable levels by time:
  Lair:2: 3638 daAuts
     D:4: 2446 daAuts
     D:3: 1888 daAuts
     D:7: 1823 daAuts
     D:8: 1692 daAuts
  Lair:3: 1565 daAuts
     D:5: 1472 daAuts
  Lair:1: 1219 daAuts
     D:1: 765 daAuts
     D:2: 703 daAuts
     D:6: 660 daAuts
  Temple: 36 daAuts
